 Dungeon Crawl Stone Soup version 0.27-a0-1123-g2f9bb313c0 (webtiles) character file.

Game seed: 9791733123336172107

53 Azzok the Digger (level 3, -3/21 HPs)
             Began as an Octopode Earth Elementalist on May 3, 2021.
             Shot with an arrow by a centaur (7 damage)
             ... on level 2 of the Dungeon.
             The game lasted 00:02:03 (1916 turns).

Azzok the Digger (Octopode Earth Elementalist)      Turns: 1916, Time: 00:02:04

Health: -3/21      AC:  1    Str:  7    XL:     3   Next: 87%
Magic:  6/7        EV: 13    Int: 18    God:
Gold:   89         SH:  0    Dex: 12    Spells: 3/7 levels left

rFire    . . .     SeeInvis .   (no weapon)
rCold    . . .     Faith    .   (no shield)
rNeg     . . .     Spirit   .   (helmet restricted)
rPois    .         Reflect  .   (no amulet)
rElec    .         Harm     .   (no ring)
rCorr    .         Rampage  .   (no ring)
Will     .....                  (no ring)
Stlth    +++.......             (no ring)
HPRegen  0.07/turn              (no ring)
MPRegen  0.10/turn              (no ring)
                                (no ring)
                                (no ring)

@: brilliant
A: almost no armour, amphibious, 8 rings, camouflage 1, gelatinous body 1,
(nimble swimmer 1), tentacles
a: no special abilities


You were on level 2 of the Dungeon.
You visited 1 branch of the dungeon, and saw 2 of its levels.

You collected 89 gold pieces.

Inventory:

Missiles
 b - 57 stones
 e - 7 poisoned darts
Armour
 a - a +0 tower shield
Wands
 i - a wand of flame (21)
Scrolls
 c - 2 scrolls of teleportation {unknown}
 d - a scroll of enchant armour {unknown}
 f - 2 scrolls of identify {unknown}
 g - a scroll of amnesia {unknown}
 j - a scroll of magic mapping {unknown}


   Skills:
 - Level 2.0 Dodging
 - Level 2.6 Stealth
 + Level 2.9 Spellcasting
 + Level 0.6 Conjurations
 - Level 1.0 Transmutations
 + Level 3.8 Earth Magic


You had 3 spell levels left.
You knew the following spells:

 Your Spells              Type           Power      Damage    Failure   Level
a - Sandblast             Erth           48%        2d12      3%          1
b - Stone Arrow           Conj/Erth      32%        3d9       21%         3

Your spell library contained the following spells:

 Spells                   Type           Power      Damage    Failure   Level
 Passwall                 Tmut/Erth      14%        N/A       9%          2
 Confusing Touch          Hex            3%         N/A       45%         3
 Gell's Gravitas          Tloc           1%         N/A       45%         3
 Petrify                  Tmut/Erth      17%        N/A       52%         4
 Lee's Rapid Deconstruct  Erth           12%        3d9*      67%         5
 Yara's Violent Unravell  Hex/Tmut       3%         3d4       98%         5
 Metabolic Englaciation   Hex/Ice        1%         N/A       99%         5


Dungeon Overview and Level Annotations

Branches:
Dungeon (2/15)

Altars:
Makhleb


Innate Abilities, Weirdness & Mutations

You cannot wear most types of armour.
You are amphibious.
You can wear up to eight rings at the same time.
Your skin changes colour to match your surroundings (Stealth+).
Your rubbery body absorbs attacks. (AC +1, EV +1)
((You are camouflaged near water. (Stealth+)))
You have tentacles for arms and can constrict up to eight enemies at once.


Message History

You constrict the goblin. The goblin barely misses you.
The kobold hits you with a +0 short sword.
You tentacle-slap the goblin.
The goblin is heavily wounded.
You constrict the kobold.
You kill the kobold!
You constrict the goblin. The goblin closely misses you. The kobold misses you.
You tentacle-slap the kobold but do no damage.
Your grab misses the kobold. You constrict the goblin.
You kill the goblin!
A centaur comes into view.
The kobold hits you with a +0 dagger.
You closely miss the kobold.
The centaur shouts!
You grab the kobold.
You constrict the kobold, but do no damage.
The kobold hits you with a +0 dagger.
You tentacle-slap the kobold but do no damage.
You constrict the kobold. The kobold hits you with a +0 dagger.
* * * LOW HITPOINT WARNING * * *
It was a potion of brilliance.
You feel clever all of a sudden.
You constrict the kobold. The kobold closely misses you.
Casting: Sandblast (safe; 3% risk of failure)
Confirm with . or Enter, or press ? or * to list all spells.
The spell is extremely dangerous to cast (21% risk of failure)!
Continue anyway?
Okay, then.
Casting: Stone Arrow (extremely dangerous; 21% risk of failure)
Confirm with . or Enter, or press ? or * to list all spells.
Aiming: Sandblast (safe; 3% risk of failure)
Press: ? - help, Shift-Dir - straight line, f - kobold
Aim: a kobold, wielding a +0 short sword (76% to hit)
You feel a surge of power!
The blast of sand hits the kobold!
You kill the kobold!
You constrict the kobold.
You kill the kobold!
A ball python comes into view.
The centaur wields a +0 shortbow.
The centaur shoots an arrow.
The arrow hits you!
You die...

···▒S···▒
········▒
▒···>···▒
▒▒▒($·····▒
▒·········▒
▒···c·····
▒··)))·▒
▒···@··▒
▒······▒
▒······▒▒▒▒
▒·········▒
▒▒▒▒▒▒▒···▒
▒···▒▒▒▒▒▒▒▒▒
▒···········▒
▒···········▒
▒···········▒▒▒


You could see a centaur and a ball python (wandering).

Vanquished Creatures
  2 adders (D:2)
  3 ball pythons (D:1)
  2 bats
  3 endoplasms
  2 giant cockroaches
  3 goblins
  3 hobgoblins
  2 jackals (D:1)
  5 kobolds (D:2)
  2 quokkas (D:1)
  2 frilled lizards (D:1)
  4 rats
33 creatures vanquished.

Notes
Turn   | Place    | Note
-------+----------+-------------------------------------------
     0 | D:1      | Azzok the Octopode Earth Elementalist began the quest for
                  | the Orb.
     0 | D:1      | Reached XP level 1. HP: 11/11 MP: 3/3
   230 | D:1      | Reached XP level 2. HP: 16/17 MP: 5/5
  1116 | D:2      | Found a faded altar of an unknown god.
  1152 | D:2      | Found a burning altar of Makhleb.
  1212 | D:2      | Reached XP level 3. HP: 17/21 MP: 5/7
  1216 | D:2      | Learned a level 3 spell: Stone Arrow
  1912 | D:2      | Noticed a centaur
  1916 | D:2      | Shot with an arrow by a centaur

Illustrated notes

Levels and vault maps discovered:
D:1:      mrwooster_arrival_statue_2, layout_basic
D:2:      layout_basic, basic_altar, hellmonk_ecumenical_altar_lost_god,
          serial_glass, glass_columns_b, glass_columns_a, feat_on_display,
          item_on_display_a, minmay_strange_pillars

Action                   || total
-------------------------++-------
Melee: Unarmed           ||    72
       Constrict         ||    23
       Tentacles         ||    15
 Cast: Sandblast         ||     8
  Use: Potion            ||     1
 Stab: Sleeping          ||     7
Armor: Skin              ||     8
Dodge: Dodged            ||    50

Table legend: (Time is in decaauts)
 A = Elapsed time spent in this place.
 B = Non-inter-level travel time spent in this place.
 C = Inter-level travel time spent in this place.
 D = Time resting spent in this place.
 E = Time spent auto-exploring this place.
 F = Levels seen in this place.
 G = Mean time per level.
                   A        B        C        D        E       F      G
               +--------+--------+--------+--------+--------+-----+--------+
         Total |   1915 |   1881 |     34 |    178 |   1454 |   2 |  957.5 |
       Dungeon |   1915 |   1881 |     34 |    178 |   1454 |   2 |  957.5 |
               +--------+--------+--------+--------+--------+-----+--------+

Top non-repeatable levels by time:
     D:1: 1109 daAuts
     D:2: 806 daAuts
